 Dungeon Crawl Stone Soup version 0.29.1-2-gbd0b4ee654 (webtiles) character file.

Game seed: 16713569948392994932

2 cdecastro the Insei (level 1, -1/9 HPs)
             Began as a Vine Stalker Transmuter on Nov 2, 2022.
             Slain by a jackal (3 damage)
             ... on level 1 of the Dungeon.
             The game lasted 00:00:31 (92 turns).

cdecastro the Insei (Vine Stalker Transmuter)         Turns: 92, Time: 00:00:31

Health: -1/9       AC:  2    Str: 12    XL:     1   Next: 30%
Magic:  0/4        EV: 12    Int: 13    God:
Gold:   0          SH:  0    Dex: 14    Spells: 3/4 levels left

rFire   . . .      SeeInvis .     - Unarmed
rCold   . . .      Faith    .   (no shield)
rNeg    . . .      Spirit   +   a - +0 robe
rPois   .          Reflect  .   (helmet currently unavailable)
rElec   .          Harm     .   (no cloak)
rCorr   .          Rampage  .   (no gloves)
Will    .....                   (boots currently unavailable)
Stlth   +.........              (no amulet)
HPRegen 0.03/turn               (no ring)
MPRegen 0.09/turn               (no ring)

@: appendages (expiring)
A: horns 2, talons 2, fangs 2, magic shield, antimagic bite, no potion heal 2
a: End Transformation


You were on level 1 of the Dungeon.
You had temporarily grown beastly horns and talons.
You visited 1 branch of the dungeon, and saw 1 of its levels.

Inventory:

Armour
 a - a +0 robe (worn)
Jewellery
 c - a ring of fire
Potions
 b - a potion of lignification
 d - a potion of brilliance {unknown}


   Skills:
 - Level 0.8 Fighting
 - Level 1.5 Dodging
 + Level 3.0 Unarmed Combat
 - Level 2.1 Spellcasting
 * Level 2.1 Transmutations


You had 3 spell levels left.
You knew the following spells:

 Your Spells              Type           Power      Damage    Failure   Level
a - Beastly Appendage     Tmut           12%        N/A       11%         1

Your spell library contained the following spells:

 Spells                   Type           Power      Damage    Failure   Level
 Wereblood                Tmut           6%         N/A       16%         2
 Spider Form              Tmut/Pois      4%         N/A       43%         3
 Ice Form                 Ice/Tmut       4%         N/A       85%         4


Dungeon Overview and Level Annotations

Branches:
Dungeon (1/15)

Altars:


Innate Abilities, Weirdness & Mutations

You have temporarily grown beastly horns and talons.
You have extremely sharp teeth.
When hurt, damage is shared between your health and your magic reserves.
Your bite disrupts and absorbs the magic of your enemies.
Potions cannot restore your health.


Message History

The jackal is heavily wounded.
A jackal comes into view.
The jackal misses you. The jackal barely misses you.
Casting: Beastly Appendage (safe; 11% risk of failure)
Press: ? - help, Q - select action Dir - look around, f - activate You grow a pair of large bovine horns.
Your feet morph into talons.
The jackal barks!
Unknown command.
You barely miss the jackal. Your kick misses the jackal.
Your headbutt misses the jackal. Your bite misses the jackal.
The jackal barely misses you.
You closely miss the jackal. Your kick misses the jackal. The jackal bites you.
You hit the jackal but do no damage. Your kick misses the jackal.
Your bite misses the jackal. The jackal closely misses you.
The jackal bites you. The jackal misses you.
You closely miss the jackal. Your kick misses the jackal.
You headbutt the jackal, but do no damage.
The jackal barely misses you. The jackal closely misses you.
You hit the jackal but do no damage. Your kick misses the jackal.
You headbutt the jackal, but do no damage.
Your bite misses the jackal. The jackal misses you.
The jackal barely misses you.
You barely miss the jackal. You headbutt the jackal.
The jackal is almost dead.
The jackal bites you but does no damage.
The jackal barely misses you. x2; The jackal closely misses you.
The jackal bites you but does no damage.
You barely miss the jackal. Your kick misses the jackal.
The jackal is almost dead.
Your transformation is almost over.
The jackal bites you.
* * * LOW HITPOINT WARNING * * *
The jackal bites you but does no damage. x2
Unknown command.
You hit the jackal.
You kill the jackal!
The jackal bites you.
* * * LOW HITPOINT WARNING * * *
The jackal bites you.
You die...

..####..#).###.#....#.#. #
..........#........#.# ..
#.##.....##.#...#..#.#..#
#.#....#.##.#............
#.........#.#.###..#.##..
###..######.#...>........
#.## #.#K..#..####.. #.#
#.#h#...)...... #.#
#.#@#.....#.##.
######.#######.#h..........
.........................##.
######..######.............
#..# ###########..#. #..#
..# #..# .. #..# #..#


You could see 2 jackals and a kobold.

Vanquished Creatures
  A giant cockroach (D:1)
  A jackal (D:1)
  A rat (D:1)
3 creatures vanquished.

Notes
Turn   | Place    | Note
-------+----------+-------------------------------------------
     0 | D:1      | cdecastro the Vine Stalker Transmuter began the quest for
                  | the Orb.
     0 | D:1      | Reached XP level 1. HP: 9/9 MP: 4/4
    92 | D:1      | Slain by a jackal

Illustrated notes

Levels and vault maps discovered:
D:1:      dpeg_arrival_more_subterranean_lakeside_camping, layout_basic,
          minmay_tetromino_o2

Action                   || total
-------------------------++-------
Melee: Unarmed           ||    14
       Headbutt          ||     3
       Kick              ||     2
       Bite              ||     2
       Punch             ||     1
 Cast: Beastly Appendage ||     3
Armor: Robe              ||     8
Dodge: Dodged            ||    13
